 Dungeon Crawl Stone Soup version 0.23.1 (webtiles) character file.

Game seed: 0

32277 prolog the Slayer (level 13, 0/147 HPs)
             Began as a Minotaur Berserker on Mar 6, 2019.
             Was the Champion of Trog.
             Slain by a wolf spider (4 damage)
             ... on level 1 of the Spider Nest on Mar 7, 2019.
             The game lasted 00:55:17 (18169 turns).

prolog the Slayer (Minotaur Berserker)             Turns: 18169, Time: 00:55:17

Health: 0/147      AC: 17    Str: 27    XL:     13   Next: 30%
Magic:  0/12       EV:  8    Int:  4    God:    Trog [******]
Gold:   759        SH:  0    Dex: 14    Spells: 12/12 levels left

rFire    . . .     SeeInvis +   t - +10 zealot's sword {holy, *Rage rN+ EV+3}
rCold    + . .     Gourm    .   o - +0 shield
rNeg     + + +     Faith    .   L - +1 plate armour {rC+}
rPois    .         Spirit   +   (helmet restricted)
rElec    .         Reflect  .   J - scarf {Spirit}
rCorr    .         Harm     .   (no gloves)
MR       .....     Rnd*Rage +   O - +4 pair of boots of the Unseen Realm {-Cast rN+++ Dex+4 Stlth-} Stlth ..........NoCast +
                                Q - amulet of regeneration
HPRegen  0.74/turn              r - ring of see invisible
MPRegen  0.13/turn              K - +2 ring of slaying

@: confused, lethally poisoned (0 -> -36)
A: retaliatory headbutt, horns 2
a: Berserk, Trog's Hand, Brothers in Arms, Renounce Religion


You were on level 1 of the Spider Nest.
You worshipped Trog.
Trog was exalted by your worship.
You were hungry.

You visited 3 branches of the dungeon, and saw 16 of its levels.
You also visited: Sewer, Ossuary and Ice Cave.

You collected 759 gold pieces.

Inventory:

Hand Weapons
 l - the +8 demon trident "Rift" {distort, reach+}
   (You found it in an ice cave)

   It warps and distorts space around it.
   Unwielding it can cause banishment or high damage.
 t - the +10 zealot's sword (weapon) {holy, *Rage rN+ EV+3}
   (You found it on level 4 of the Dungeon)

   It has been blessed by the Shining One to cause great damage to the undead
   and demons.
   It affects your evasion (+3).
   It protects you from negative energy.
   It may make you go berserk in combat.
 v - the +4 dagger of Uwufe {drain, rPois rF++, unknown}
   (You found it on level 4 of the Dungeon)

   A truly terrible weapon, it drains the life of those it strikes.
   It greatly protects you from fire.
   It protects you from poison.
 I - the +7 spear of Tartarus {pierce, +Fly}
   (You took it off a spriggan on level 8 of the Dungeon)

   It inflicts extra damage upon your enemies.
   It lets you fly.
 P - the +0 mace of Lies {crush, rElec rC+ MP+9 Int-3}
   (You found it on level 9 of the Dungeon)

   It inflicts extra damage upon your enemies.
   It affects your intelligence (-3).
   It protects you from cold.
   It insulates you from electricity.
   It affects your magic capacity (+9).
 V - a +2 executioner's axe of chopping
Missiles
 g - 9 poisoned javelins (quivered)
Armour
 o - a +0 shield (worn)
 J - a scarf of spirit shield (worn)
 L - a +1 plate armour of cold resistance (worn)
 N - a +2 cloak of cold resistance
 O - the +4 pair of boots of the Unseen Realm (worn) {-Cast rN+++ Dex+4 Stlth-}
   (You found it in an ice cave)

   It affects your dexterity (+4).
   It renders you almost immune to negative energy.
   It prevents spellcasting.
   It makes you less stealthy.
Magical Staves
 s - an uncursed staff of fire {unknown}
Jewellery
 r - a ring of see invisible (left hand)
 C - a cursed ring of magical power
 K - a +2 ring of slaying (right hand)
 M - an uncursed ring of fire
 Q - an amulet of regeneration (around neck)
 R - a +5 ring of dexterity
Wands
 a - a wand of iceblast (10)
 u - a wand of scattershot (7)
 y - a wand of random effects (10)
 D - a wand of flame (25)
 H - a wand of acid (34)
 S - a wand of digging (2)
Scrolls
 d - 4 scrolls of enchant armour
 e - 15 scrolls of remove curse
 i - 4 scrolls of teleportation
 j - 5 scrolls of identify
 w - 2 scrolls of magic mapping
 x - 5 scrolls of blinking
 U - a scroll of brand weapon {unknown}
 W - a scroll of vulnerability {unknown}
 X - a scroll of acquirement {unknown}
Potions
 b - 3 potions of heal wounds {unknown}
 f - 6 potions of curing {unknown}
 h - a potion of invisibility {unknown}
 k - 3 potions of brilliance {unknown}
 m - 3 potions of haste {unknown}
 n - 2 potions of might
 p - 3 potions of ambrosia {unknown}
 q - 3 potions of mutation {unknown}
 z - 3 potions of cancellation {unknown}
 A - 2 potions of degeneration {unknown}
 B - 5 potions of agility
 E - 3 potions of resistance
 F - 5 potions of flight {unknown}
 G - 6 potions of lignification
Comestibles
 c - 27 rations


   Skills:
 * Level 22.9 Fighting
 + Level 9.1 Axes
 - Level 2.9 Armour
 - Level 3.3 Dodging
 - Level 0.6 Stealth


You had 12 spell levels left.
You didn't know any spells.
Your spell library contained the following spells:

 Spells                   Type           Power        Failure   Level  Hunger
 Confusing Touch          Hex            #.....       100%        1    ##.....
 Confuse                  Hex            #.......     100%        3    ####...
 Gell's Gravitas          Tloc           #.........   100%        3    ####...
 Petrify                  Tmut/Erth      #.......     100%        4    #####..
 Bolt of Magma            Conj/Fire/Erth #.........   100%        5    ######.
 Iskenderun's Battlesphe  Conj/Chrm      #.......     100%        5    ######.
 Metabolic Englaciation   Hex/Ice        #.........   100%        5    ######.
 Venom Bolt               Conj/Pois      #.........   100%        5    ######.
 Yara's Violent Unravell  Hex/Tmut       #.........   100%        5    ######.
 Iron Shot                Conj/Erth      #.........   100%        6    #######
 Orb of Destruction       Conj           #.........   100%        7    #######
 Spellforged Servitor     Conj/Summ      #.........   100%        7    #######


Dungeon Overview and Level Annotations

Branches:
Dungeon (11/15)            Temple (0/1) D:5            Lair (4/6) D:10
 Spider (1/4) Lair:4
  Swamp: Lair:2-4    Shoals: Lair:2-4       Orc: D:9-12

Altars:
Cheibriados
Dithmenos
Elyvilon
Gozag
Hepliaklqana
Kikubaaqudgha
Makhleb
Okawaru
Qazlal
Sif Muna
Trog
Uskayaw
The Shining One

Shops:
D:5 =   D:7 *


Innate Abilities, Weirdness & Mutations

You reflexively headbutt those who attack you in melee.
You have a pair of horns on your head.


Message History

The wolf spider bites you but does no damage.
The wolf spider hits you but does no damage.
The wolf spider bites you.
* * * LOW HITPOINT WARNING * * *
You are lethally poisoned!
The wolf spider poisons you!
The demonic crawler hits you but does no damage.
The demonic crawler closely misses you.
The demonic crawler hits you but does no damage.
The wolf spider hits you!
* * * LOW HITPOINT WARNING * * *
The wolf spider barely misses you. The demonic crawler closely misses you.
The demonic crawler hits you but does no damage.
The demonic crawler hits you.
* * * LOW HITPOINT WARNING * * *
A redback comes into view.
The wolf spider hits you!
* * * LOW HITPOINT WARNING * * *
The wolf spider bites you.
You die...

...............
................
........s../....
...s....ss...s..
................
.s...ss.........
.......ss.s.?...
.......sss......
......ss@ss.....
.......ss.......
........s..^....
................
...........$....
................
................
.....^..........


You could see 4 demonic crawlers, 4 wolf spiders, 2 orb spiders, 2 jumping
spiders, 2 tarantellas and 7 redbacks.

Vanquished Creatures
  A reaper (IceCv)
  Harold (D:8)
  3 hydras
  The ghost of dracomuter the Basher, a novice TrCK of Xom (D:8)
  Erica (D:9)
  5 death yaks (Lair:3)
  A two-headed ogre (D:8)
  3 wolf spiders (Lair:4)
  2 ice statues (IceCv)
  A black mamba (Lair:1)
  A gargoyle (D:10)
  6 komodo dragons
  7 ice devils (IceCv)
  2 kobold demonologists (D:11)
  2 trolls
  3 polar bears
  Grinder (D:5)
  5 blink frogs (Lair:1)
  5 hippogriffs
  4 redbacks
  A vampire (D:7)
  2 spriggans (D:8)
  Eustachio (D:6)
  2 wyverns
  A wraith (Ossuary)
  12 yaks
  3 basilisks
  3 hungry ghosts
  An acid dragon (D:9)
  5 water moccasins
  11 porcupines
  3 orc warriors
  2 hornet zombies
  2 sky beasts
  9 ice beasts
  8 ogres
  4 phantoms
  15 wolves
  6 centaurs
  7 crocodiles
  5 big kobolds
  A wyvern zombie (D:10)
  8 bullfrogs
  A gnoll sergeant (D:10)
  4 scorpions
  5 killer bees (D:7)
  6 electric eels (Lair:2)
  3 howler monkeys
  5 crimson imps
  A bullfrog zombie (D:10)
  Crazy Yiuf (D:2)
  3 centaur skeletons
  2 orc priests
  A bullfrog skeleton (D:11)
  A hound (D:7)
  6 jellies
  7 orc wizards
  Ijyb (D:5)
  Natasha (twice) (D:2)
  9 iguanas
  11 worker ants
  A hound zombie (D:6)
  A mummy (Ossuary)
  Robin (D:2)
  A howler monkey zombie (D:7)
  8 gnolls
  22 adders
  A howler monkey skeleton (D:7)
  3 shadow imps
  6 white imps (IceCv)
  9 ufetubi (IceCv)
  16 oozes
  An adder zombie (D:6)
  An adder skeleton (D:5)
  3 worms
  5 dart slugs
  16 leopard geckos
  31 orcs
  19 giant cockroaches
  16 goblins
  8 hobgoblins
  18 jackals
  28 kobolds
  6 quokkas
  8 ball pythons (Sewer)
  4 bats
  8 frilled lizards
  5 gnoll skeletons (Ossuary)
  5 kobold skeletons (Ossuary)
  2 leopard gecko skeletons
  14 orc skeletons (Ossuary)
  2 quokka skeletons (D:5)
  A quokka zombie (D:7)
  2 rats (D:1)
508 creatures vanquished.

Vanquished Creatures (others)
  3 white imps (IceCv)
  3 ufetubi (IceCv)
  2 bushes (D:10)
  9 fungi
  22 plants
  6 toadstools (D:2)
45 creatures vanquished.

Grand Total: 553 creatures vanquished

Notes
Turn   | Place    | Note
-------+----------+-------------------------------------------
     0 | D:1      | prolog the Minotaur Berserker began the quest for the Orb.
     0 | D:1      | Reached XP level 1. HP: 19/19 MP: 0/0
   107 | D:1      | Reached XP level 2. HP: 23/27 MP: 1/1
   352 | D:1      | Reached skill level 4 in Fighting
   896 | D:2      | Reached XP level 3. HP: 31/33 MP: 2/2
   918 | D:2      | Found a white marble altar of Elyvilon.
   977 | D:2      | Noticed a bullfrog
   980 | D:2      | Killed a bullfrog
   980 | D:2      | Reached XP level 4. HP: 41/41 MP: 3/3
  1033 | D:2      | Reached ** piety under Trog
  1224 | D:2      | Reached skill level 5 in Axes
  1237 | D:2      | Reached XP level 5. HP: 37/47 MP: 4/4
  1249 | D:2      | Reached skill level 5 in Fighting
  1559 | D:2      | Noticed Natasha
  1567 | D:2      | Killed Natasha
  1588 | D:2      | Found a stormy altar of Qazlal.
  1694 | D:2      | Reached XP level 6. HP: 53/56 MP: 5/5
  1925 | D:2      | Found a runed translucent door.
  1926 | D:2      | Noticed Crazy Yiuf
  2068 | D:2      | Noticed Robin
  2076 | D:2      | Killed Robin
  2076 | D:2      | Reached *** piety under Trog
  2077 | D:2      | Noticed Natasha
  2093 | D:2      | Killed Natasha
  2273 | D:2      | Killed Crazy Yiuf
  2273 | D:2      | Reached skill level 6 in Fighting
  2665 | D:3      | Reached XP level 7. HP: 52/64 MP: 6/6
  2745 | D:3      | Found a deep blue altar of Sif Muna.
  3220 | D:3      | Reached skill level 7 in Fighting
  3239 | D:3      | Reached **** piety under Trog
  3447 | D:3      | Found a burning altar of Makhleb.
  3890 | D:4      | Found the +10 zealot's sword {holy, *Rage rN+ EV+3}
  4087 | D:4      | Got a brightly glowing dagger
  4253 | D:4      | Reached skill level 8 in Fighting
  4398 | D:4      | Found an opulent altar of Gozag.
  4528 | D:4      | Found a snail-covered altar of Cheibriados.
  4627 | D:5      | Entered Level 5 of the Dungeon
  4627 | D:5      | Found a staircase to the Ecumenical Temple.
  4637 | D:5      | Noticed Grinder
  4644 | D:5      | Paralysed by Grinder for 5 turns
  4652 | D:5      | Paralysed by Grinder for 2 turns
  4659 | D:5      | Killed Grinder
  4659 | D:5      | Reached skill level 9 in Fighting
  4659 | D:5      | Reached XP level 8. HP: 63/78 MP: 7/7
  4833 | D:5      | Found a glowing drain.
  4847 | D:5      | Reached skill level 10 in Fighting
  4852 | Sewer    | Entered a sewer
  5412 | Sewer    | Received a gift from Trog
  5607 | D:5      | Found an opulent altar of Gozag.
  5685 | D:5      | Reached skill level 11 in Fighting
  5830 | D:5      | Found Cojoiqel's Jewellery Emporium.
  5934 | D:5      | Reached ***** piety under Trog
  6018 | D:5      | Noticed Ijyb
  6023 | D:5      | Killed Ijyb
  6133 | D:6      | Noticed Eustachio
  6140 | D:6      | Killed Eustachio
  6156 | D:6      | Found a bloodstained altar of Trog.
  6186 | D:6      | Found a shadowy altar of Dithmenos.
  6200 | D:6      | Reached skill level 12 in Fighting
  6200 | D:6      | Reached XP level 9. HP: 90/90 MP: 8/8
  6376 | D:6      | Received a gift from Trog
  6888 | D:7      | Found Fytsucef's General Store.
  6899 | D:7      | Reached skill level 13 in Fighting
  6955 | D:7      | Found a sand-covered staircase.
  6964 | Ossuary  | Entered an ossuary
  7378 | D:7      | Reached skill level 14 in Fighting
  7608 | D:7      | Noticed a troll
  7617 | D:7      | Killed a troll
  7995 | D:8      | Found a hide-covered altar of Uskayaw.
  8000 | D:8      | Reached XP level 10. HP: 104/104 MP: 9/9
  8025 | D:8      | Noticed a two-headed ogre
  8034 | D:8      | Killed a two-headed ogre
  8034 | D:8      | Reached skill level 15 in Fighting
  8330 | D:8      | Noticed Harold
  8345 | D:8      | Killed Harold
  8345 | D:8      | Reached skill level 16 in Fighting
  8451 | D:8      | Found a glowing golden altar of the Shining One.
  8451 | D:8      | Found a hazy altar of Hepliaklqana.
  8870 | D:8      | Found a runed translucent door.
  8872 | D:8      | Noticed dracomuter's ghost (novice TrCK)
  8873 | D:8      | Identified the +7 spear of Tartarus {pierce, +Fly}
  8888 | D:8      | Killed dracomuter's ghost
  8890 | D:8      | Reached skill level 17 in Fighting
  9387 | D:9      | Noticed an eight-headed hydra
  9401 | D:9      | Killed an eight-headed hydra
  9401 | D:9      | Reached XP level 11. HP: 83/118 MP: 10/10
 10075 | D:9      | Got a twisted mace
 10105 | D:9      | Identified the cursed +0 mace of Lies {crush, rElec rC+
                  | MP+9 Int-3} (You found it on level 9 of the Dungeon)
 10133 | D:9      | Found an iron altar of Okawaru.
 10250 | D:9      | Reached skill level 18 in Fighting
 10326 | D:9      | Found an ancient bone altar of Kikubaaqudgha.
 10351 | D:9      | Noticed Erica
 10360 | D:9      | Killed Erica
 10907 | D:10     | Entered Level 10 of the Dungeon
 10979 | D:10     | Reached ****** piety under Trog
 11264 | D:10     | Received a gift from Trog
 11470 | D:10     | Found a staircase to the Lair.
 11631 | D:10     | Reached skill level 19 in Fighting
 12787 | Lair:1   | Entered Level 1 of the Lair of Beasts
 12787 | Lair:1   | Noticed a five-headed hydra
 12805 | Lair:1   | Killed a five-headed hydra
 13204 | Lair:1   | Reached skill level 20 in Fighting
 13206 | Lair:1   | Found a frozen archway.
 13261 | IceCv    | Entered an ice cave
 13322 | IceCv    | Received a gift from Trog
 13322 | IceCv    | Reached XP level 12. HP: 63/133 MP: 11/11
 13667 | IceCv    | Got a pair of encrusted boots
 13677 | IceCv    | Identified the +4 pair of boots of the Unseen Realm {-Cast
                  | rN+++ Dex+4 Stlth-} (You found it in an ice cave)
 13823 | IceCv    | Noticed a reaper
 13825 | IceCv    | Found the +8 demon trident "Rift" {distort, reach+}
 13830 | IceCv    | Killed a reaper
 14252 | Lair:1   | Reached skill level 21 in Fighting
 15871 | Lair:2   | Noticed an eight-headed hydra
 15882 | Lair:2   | Killed a 13-headed hydra
 15882 | Lair:2   | Reached skill level 22 in Fighting
 16445 | Lair:3   | Received a gift from Trog
 16877 | Lair:3   | Noticed a death yak
 16877 | Lair:3   | Noticed a death yak
 16877 | Lair:3   | Noticed a death yak
 16879 | Lair:3   | Noticed a death yak
 16895 | Lair:3   | Killed a death yak
 16895 | Lair:3   | Reached XP level 13. HP: 102/146 MP: 8/12
 17884 | Lair:4   | Found a hole to the Spider Nest.
 17926 | Lair:4   | HP: 6/147 [poisoned by a redback]
 17931 | Lair:4   | HP: 4/147 [poisoned by a redback]
 17937 | Lair:4   | HP: 5/147 [poisoned by a redback]
 18163 | Spider:1 | Entered Level 1 of the Spider Nest
 18169 | Spider:1 | HP: 4/147 [wolf spider (14)]
 18169 | Spider:1 | Slain by a wolf spider

Skill      XL: |  1  2  3  4  5  6  7  8  9 10 11 12 13 |
---------------+----------------------------------------+-----
Axes           | 4 5 6 7 8 9 |  9.1
Fighting       | 4 5 6 9 12 14 17 20 22 | 22.9
Dodging        | 3 |  3.3
Armour         | |  2.9
Stealth        | |  0.6

Action                   |  1- 3 |  4- 6 |  7- 9 | 10-12 | 13-15 || total
-------------------------+-------+-------+-------+-------+-------++-------
Melee: Hand axe          |    43 |   131 |       |       |       ||   174
       Headbutt          |     2 |    24 |    42 |    95 |    23 ||   186
       War axe           |       |     5 |    43 |       |       ||    48
       Eudemon blade     |       |       |   269 |   432 |    57 ||   758
       Morningstar       |       |       |       |     4 |       ||     4
       Mace              |       |       |       |     7 |       ||     7
Invok: Berserk           |     1 |     1 |     1 |     5 |       ||     8
  Use: Scroll            |       |       |    12 |    10 |       ||    22
 Stab: Sleeping          |       |     1 |     1 |       |       ||     2
  Eat: Chunk             |       |     7 |    19 |    23 |       ||    49
       Ration            |       |       |       |     4 |     1 ||     5
Armor: Animal skin       |    14 |    13 |     2 |       |       ||    29
       Ring mail         |       |       |    81 |       |       ||    81
       Plate armour      |       |       |    62 |   381 |    57 ||   500
Dodge: Dodged            |    27 |    73 |   240 |   250 |    29 ||   619
Block: Buckler           |       |       |    46 |    19 |       ||    65
       Shield            |       |       |       |   158 |    40 ||   198
       Rpst.: Eudemon blade |       |       |    39 |    41 |     4 ||    84
